 Dungeon Crawl Stone Soup version 0.30-a0-726-gd89dcf765f (webtiles) character file.

Game seed: 8753134137525189348

1043 hikkokomori the Ruffian (level 8, -6/78 HPs)
             Began as a Troll Transmuter on Jan 30, 2023.
             Was a Follower of Okawaru.
             Mangled by an orc warrior
             ... wielding a +0 battleaxe
              (10 damage)
             ... on level 6 of the Dungeon.
             The game lasted 00:07:45 (4819 turns).

hikkokomori the Ruffian (Troll Transmuter)          Turns: 4819, Time: 00:07:46

Health: -6/78      AC:  4    Str: 19    XL:     8   Next: 4%
Magic:  9/9        EV: 10    Int: 11    God:    Okawaru [*.....]
Gold:   323        SH:  0    Dex: 10    Spells: 3/10 levels left

rFire   . . .      SeeInvis .      - Unarmed
rCold   . . .      Faith    .    (no shield)
rNeg    . . .      Spirit   .    a - +0 robe
rPois   .          Reflect  .    (helmet restricted)
rElec   .          Harm     .    (no cloak)
rCorr   .          Rampage  .    (gloves unavailable)
Will    .....                    (boots unavailable)
Stlth   +                        (no amulet)
HPRegen 1.13/turn                (no ring)
MPRegen 0.11/turn                (no ring)

@: studying Short Blades
A: large, unfitting armour, claws 3, regeneration 1, shaggy fur 1, tough skin 1
a: Renounce Religion, Heroism


You were on level 6 of the Dungeon.
You worshipped Okawaru.
Okawaru was aware of your devotion.
You visited 2 branches of the dungeon, and saw 7 of its levels.

You collected 323 gold pieces.

Inventory:

Hand Weapons
 z - the +5 war axe "Qepoif" {flame, SInv Stlth+}
   (You found it on level 5 of the Dungeon)

   SInv:      It lets you see invisible.
   Stlth:     It makes you more stealthy.
Missiles
 q - 3 javelins
Armour
 a - a +0 robe (worn)
 m - a scarf of invisibility
Jewellery
 g - an amulet of magic regeneration
 y - a ring of positive energy
Wands
 p - a wand of flame (11)
 u - a wand of polymorph (11)
 w - a wand of paralysis (7)
Scrolls
 c - a scroll of noise {unknown}
 d - a scroll of brand weapon {unknown}
 e - 3 scrolls of fear {unknown}
 j - 4 scrolls of identify {unknown}
 l - a scroll of teleportation {unknown}
 r - a scroll of butterflies {unknown}
 t - a scroll of vulnerability {unknown}
 x - a scroll of poison {unknown}
Potions
 b - a potion of lignification
 f - 4 potions of curing
 h - a potion of degeneration {unknown}
 i - a potion of magic {unknown}
 k - a potion of haste {unknown}
 n - 2 potions of attraction {unknown}
 o - a potion of ambrosia {unknown}
 s - a potion of heal wounds {unknown}
 v - a potion of brilliance {unknown}
 A - a potion of flight {unknown}


   Skills:
 + Level 3.6 Fighting
 - Level 3.7 Dodging
 + Level 5.3 Unarmed Combat
 - Level 1.6 Spellcasting
 - Level 3.3 Transmutations
 - Level 0.3 Poison Magic
 + Level 1.8 Evocations


You had 3 spell levels left.
You knew the following spells:

 Your Spells              Type           Power      Damage    Failure   Level
a - Beastly Appendage     Tmut           16%        N/A       8%          1
b - Wereblood             Tmut           8%         N/A       12%         2
c - Olgreb's Toxic Radia  Pois           1%         N/A       95%         4

Your spell library contained the following spells:

 Spells                   Type           Power      Damage    Failure   Level
 Sting                    Tmut/Pois      16%        1d3       14%         1
 Poisonous Vapours        Pois/Air       2%         N/A       38%         2
 Spider Form              Tmut/Pois      4%         N/A       38%         3
 Cigotuvi's Dreadful Rot  Necr/Pois/Air  2%         N/A       41%         2
 Blink                    Tloc           0%         N/A       43%         2
 Mephitic Cloud           Conj/Pois/Air  1%         N/A       65%         3
 Ice Form                 Ice/Tmut       4%         N/A       83%         4
 Manifold Assault         Tloc           0%         N/A       97%         4
 Storm Form               Tmut/Air       2%         N/A       100%        7


Dungeon Overview and Level Annotations

Branches:
Dungeon (6/15)             Temple (1/1) D:4

Altars:
Ashenzari
Cheibriados
Dithmenos
Elyvilon
Fedhas
Kikubaaqudgha
Makhleb
Nemelex Xobeh
Okawaru
Sif Muna
Trog
Uskayaw
Wu Jian
Yredelemnul

Shops:
D:1 :   D:2 (


Innate Abilities, Weirdness & Mutations

You are too large for most types of armour.
You have claws for hands.
Your natural rate of healing is unusually fast.
You are covered in fur. (AC +1)
You have tough skin. (AC +1)


Message History

The kobold hits you but does no damage.
The kobold throws a stone.
The stone closely misses you.
Items here: ( )) †.
You fail to use your ability.
An orc comes into view. It is wielding a +0 club.
The kobold closely misses you.
The kobold hits you with a +0 short sword.
The orc moves out of view.
You scratch the kobold.
You kill the kobold!
Okawaru accepts your kill.
You closely miss the orc warrior.
You feel yourself speed up. The orc warrior barely misses you.
An orc comes into view. It is wielding a +0 flail.
The orc warrior hits you with a +0 battleaxe!
You claw the orc warrior!
The orc warrior is heavily wounded.
The orc warrior hits you with a +0 battleaxe!!
* * * LOW HITPOINT WARNING * * *
You closely miss the orc warrior.
The orc warrior is heavily wounded.
You barely miss the orc warrior.
The orc warrior is heavily wounded.
The orc warrior hits you with a +0 battleaxe!
* * * LOW HITPOINT WARNING * * *
You claw the orc warrior!
The orc warrior is almost dead.
The orc warrior closely misses you.
You scratch the orc warrior but do no damage.
The orc warrior is almost dead.
The orc warrior barely misses you.
You scratch the orc warrior.
The orc warrior is almost dead.
The orc warrior hits you with a +0 battleaxe.
* * * LOW HITPOINT WARNING * * *
You closely miss the orc warrior.
The orc warrior is almost dead.
The orc warrior hits you with a +0 battleaxe!
You die...

#........<....##..#
#.......###...###.#
###.......# ##.##
#.# .........# #.#
#.# #(......# #.#
#.# #.......# #.#
#.# #...)...# #.#
#.# #)#######.# #.#
#Ko@......# #.#
########..# #.#
#### #.># #.#
.....##..# #.#
#[.....### #.#
#.#......# #.#
#......###.#
#..........#
...#.....#####


You could see an orc warrior and a kobold.

Vanquished Creatures
  Grinder (D:3)
  An ice beast (D:6)
  2 ogres (D:5)
  A wolf (D:5)
  A kobold brigand (D:6)
  A necrophage (D:4)
  A scorpion (D:5)
  A hound (D:4)
  An iguana (D:5)
  3 orc wizards
  Terence (D:3)
  5 adders
  2 white imps
  An ufetubus (D:4)
  3 worms (D:3)
  A dart slug (D:3)
  13 orcs
  5 ball pythons
  5 bats
  13 endoplasms
  A giant cockroach (D:2)
  8 goblins
  5 hobgoblins
  A quokka (D:4)
  2 frilled lizards
  10 kobolds
  5 rats
94 creatures vanquished.

Vanquished Creatures (others)
  A demonic plant (D:1)
  A withered plant (D:1)
2 creatures vanquished.

Grand Total: 96 creatures vanquished

Notes
Turn   | Place    | Note
-------+----------+-------------------------------------------
     0 | D:1      | hikkokomori the Troll Transmuter began the quest for the
                  | Orb.
     0 | D:1      | Reached XP level 1. HP: 18/18 MP: 1/1
    80 | D:1      | Found a faded altar of an unknown god.
   128 | D:1      | Reached skill level 1 in Fighting
   133 | D:1      | Reached XP level 2. HP: 27/27 MP: 3/3
   293 | D:1      | Found Cukigh's Vocational Training.
  1147 | D:2      | Reached XP level 3. HP: 33/33 MP: 4/4
  1156 | D:2      | Learned a level 2 spell: Wereblood
  1364 | D:2      | Found Qihug's Weapon Emporium.
  1718 | D:3      | You fall into a shaft and drop 2 floors!
  1718 | D:5      | Entered Level 5 of the Dungeon
  1750 | D:4      | Reached XP level 4. HP: 33/41 MP: 5/5
  1786 | D:4      | Noticed a necrophage
  1794 | D:4      | Killed a necrophage
  1795 | D:4      | Reached XP level 5. HP: 41/49 MP: 6/6
  2039 | D:4      | Found a staircase to the Ecumenical Temple.
  2124 | Temple   | Entered the Ecumenical Temple
  2506 | Temple   | Became a worshipper of Warmaster Okawaru
  2693 | D:3      | Noticed Terence
  2708 | D:3      | Killed Terence
  2711 | D:3      | Reached skill level 4 in Unarmed Combat
  2842 | D:3      | Noticed Grinder
  2845 | D:3      | Paralysed by Grinder for 2 turns
  2854 | D:3      | Killed Grinder
  2854 | D:3      | Reached * piety under Okawaru
  2855 | D:3      | Reached XP level 6. HP: 59/59 MP: 7/7
  3163 | D:3      | Found a faded altar of an unknown god.
  3172 | D:3      | Found a snail-covered altar of Cheibriados.
  3508 | D:5      | HP: 2/57 [adder (4)]
  3509 | D:5      | Reached XP level 7. HP: 3/67 MP: 5/8
  3830 | D:5      | Reached skill level 1 in Evocations
  4036 | D:5      | Identified the +5 war axe "Qepoif" {flame, SInv Stlth+}
  4058 | D:5      | Reached skill level 5 in Unarmed Combat
  4298 | D:5      | HP: 2/67 [ogre/+0 giant club (18)]
  4579 | D:5      | Learned a level 4 spell: Olgreb's Toxic Radiance
  4807 | D:6      | Reached XP level 8. HP: 26/78 MP: 9/9
  4818 | D:6      | HP: 3/78 [orc warrior/+0 battleaxe (6)]
  4819 | D:6      | Mangled by an orc warrior

Illustrated notes

Levels and vault maps discovered:
D:1:      dpeg_arrival_triangle_fractal, layout_basic,
          shapermc_ecumenical_altar_gd, nicolae_shop_vocational
D:2:      layout_basic, serial_shops, nicolae_shop_bloodbath_and_beyond,
          hangedman_decor_riveting
D:3:      layout_basic, nicolae_overflow_ecumenical_swirl, serial_rivers,
          chequers_serial_rivers_small_3, chequers_serial_rivers_small_b,
          chequers_serial_rivers_marsh, chequers_serial_rivers_micro_e,
          chequers_serial_rivers_micro_d, chequers_serial_rivers_micro_b,
          uniq_terence, uniq_grinder
D:4:      layout_cave_pools, temple_doors_e
D:5:      layout_layer_cave
D:6:      layout_loops_ring, uniq_edmund, uniq_menkaure
Temple:   oiseaux_autumnal_temple

Skill      XL: |  1  2  3  4  5  6  7 |
---------------+----------------------+-----
Fighting       | 1 2 3 |  3.6
Dodging        | 2 3 |  3.7
Transmutations | 2 3 |  3.3
Unarmed Combat | 4 5 |  5.3
Evocations     | 1 |  1.8
Spellcasting   | |  1.6
Poison Magic   | |  0.3

Action                     |  1- 3 |  4- 6 |  7- 9 || total
---------------------------+-------+-------+-------++-------
  Melee: Unarmed           |    91 |   124 |    78 ||   293
         Punch             |     1 |     1 |     3 ||     5
   Cast: Wereblood         |       |       |     3 ||     3
 Invoke: Heroism           |       |     1 |       ||     1
  Evoke: Wand              |       |     2 |     2 ||     4
    Use: Potion            |       |     2 |     1 ||     3
   Stab: Sleeping          |     2 |     1 |       ||     3
         Paralysed         |       |       |     4 ||     4
 Armour: Robe              |    27 |    23 |    20 ||    70
         Skin              |       |     6 |       ||     6
  Dodge: Dodged            |    35 |    62 |    26 ||   123

Table legend: (Time is in decaauts)
 A = Elapsed time spent in this place.
 B = Non-inter-level travel time spent in this place.
 C = Inter-level travel time spent in this place.
 D = Time resting spent in this place.
 E = Time spent auto-exploring this place.
 F = Levels seen in this place.
 G = Mean time per level.
                   A        B        C        D        E       F      G
               +--------+--------+--------+--------+--------+-----+--------+
         Total |   4800 |   4288 |    512 |    150 |   3448 |   7 |  685.7 |
       Dungeon |   4387 |   4057 |    330 |    150 |   3229 |   6 |  731.2 |
        Temple |    413 |    231 |    182 |      0 |    219 |   1 |  413.0 |
               +--------+--------+--------+--------+--------+-----+--------+

Top non-repeatable levels by time:
     D:5: 1157 daAuts
     D:2: 866 daAuts
     D:1: 846 daAuts
     D:3: 810 daAuts
     D:4: 464 daAuts
  Temple: 413 daAuts
     D:6: 242 daAuts
